 Dungeon Crawl Stone Soup version 0.30-a0-172-gc5509c9e31 (webtiles) character file.

Game seed: 3401129239908005468

1341 lorenzova the Thaumaturge (level 8, -2/41 HPs)
             Began as a Deep Elf Conjurer on Oct 1, 2022.
             Was an Initiate of Vehumet.
             Engulfed by a cloud of steam (8 damage)
             ... on level 7 of the Dungeon.
             The game lasted 00:18:48 (8519 turns).

lorenzova the Thaumaturge (Deep Elf Conjurer)       Turns: 8519, Time: 00:18:49

Health: -2/41      AC:  8    Str:  4    XL:     8   Next: 35%
Magic:  12/22      EV: 13    Int: 26    God:    Vehumet [......]
Gold:   340        SH:  0    Dex: 13    Spells: 13/24 levels left

rFire   . . .      SeeInvis +    (no weapon)
rCold   . . .      Faith    .    (no shield)
rNeg    + . .      Spirit   .    t - +1 robe {rN+}
rPois   .          Reflect  .    (no helmet)
rElec   .          Harm     .    i - +0 cloak
rCorr   .          Rampage  .    (no gloves)
Will    .....                    (no boots)
Stlth   ++........               (no amulet)
HPRegen 0.26/turn                p - +4 ring of protection
MPRegen 0.18/turn                a - ring of see invisible

@: studying Poison Magic
A: no striking features
a: Renounce Religion


You were on level 7 of the Dungeon.
You worshipped Vehumet.
Vehumet was noncommittal.
You visited 2 branches of the dungeon, and saw 8 of its levels.

You collected 340 gold pieces.

Inventory:

Armour
 i - a +0 cloak (worn)
 t - a +1 robe of positive energy (worn)
Magical Staves
 o - a staff of death
Jewellery
 a - a ring of see invisible (right hand)
 j - a +4 ring of evasion
 p - a +4 ring of protection (left hand)
 s - a ring of poison resistance
Scrolls
 d - a scroll of immolation
 f - 3 scrolls of enchant weapon
 g - a scroll of enchant armour
 h - 2 scrolls of summoning
 k - a scroll of fog
 m - a scroll of blinking {unknown}
 r - a scroll of brand weapon {unknown}
 u - a scroll of fear {unknown}
 v - a scroll of vulnerability {unknown}
 y - 3 scrolls of identify
Potions
 b - a potion of magic
 c - 3 potions of might
 e - 2 potions of brilliance
 l - 4 potions of curing
 n - a potion of berserk rage
 q - a potion of lignification
 w - 2 potions of heal wounds {unknown}
 x - 2 potions of haste {unknown}


   Skills:
 - Level 4.4 Dodging
 - Level 2.4 Stealth
 * Level 8.7 Spellcasting
 * Level 8.1 Conjurations
 + Level 3.5 Hexes
 + Level 2.9 Translocations


You had 13 spell levels left.
You knew the following spells:

 Your Spells              Type           Power      Damage    Failure   Level
a - Magic Dart            Conj           100%       1d8       1%          1
b - Searing Ray           Conj           100%       2d8       1%          2
c - Iskenderun's Mystic   Conj/Tloc      40%        2d9       5%          4
d - Fulminant Prism       Conj/Hex       20%        3d13      4%          4

Your spell library contained the following spells:

 Spells                   Type           Power      Damage    Failure   Level
 Dazzling Flash           Conj/Hex       82%        N/A       1%          3
 Sandblast                Erth           22%        2d7       5%          1
 Sting                    Tmut/Pois      44%        1d5       5%          1
 Cigotuvi's Dreadful Rot  Necr/Pois/Air  22%        N/A       8%          2
 Alistair's Intoxication  Tmut/Pois      7%         N/A       82%         5
 Starburst                Conj/Fire      16%        6d6       83%         6


Dungeon Overview and Level Annotations

Branches:
Dungeon (7/15)             Temple (1/1) D:6

Altars:
Elyvilon
Fedhas
Uskayaw
Vehumet
Wu Jian
Zin

Shops:
D:1 [   D:7 [=

Annotations:
D:2 1 runed translucent door, Crazy Yiuf
D:4 Duvessa, Edmund


Message History

Aiming: Searing Ray (safe; 1% risk of failure)
Press: ? - help, Shift-Dir - straight line, f - steam dragon
Aim: a steam dragon (steam, catching its breath, 83% to hit)
The searing ray misses the steam dragon. (Press . to maintain the ray.) Unknown command.
The searing ray misses the steam dragon.
The steam dragon breathes steam at you. The ball of steam hits you.
You finish channelling your searing ray.
You are engulfed in a cloud of scalding steam.
You start resting.
A steam dragon is nearby!
Casting: Searing Ray (safe; 1% risk of failure)
Confirm with . or Enter, or press ? or * to list all spells.
Aiming: Searing Ray (safe; 1% risk of failure)
Press: ? - help, Shift-Dir - straight line, f/p - steam dragon
Aim: a steam dragon (steam, 83% to hit)
The searing ray hits the steam dragon.
The steam dragon is lightly wounded. (Press . to maintain the ray.) Unknown command.
The searing ray hits the steam dragon!
The steam dragon is heavily wounded.
The steam dragon breathes steam at you. The ball of steam hits you!
The searing ray hits the steam dragon.
The steam dragon is severely wounded.
You are engulfed in a cloud of scalding steam.
* * * LOW HITPOINT WARNING * * *
The steam dragon bites you.
* * * LOW HITPOINT WARNING * * *
The steam dragon misses you.
The searing ray hits the steam dragon!
You kill the steam dragon!
Vehumet accepts your kill.
The steam dragon scales are intact enough to wear.
You finish channelling your searing ray.
You are engulfed in a cloud of scalding steam.
You die...

#. .###..... ...#. .#
..#...... ......# .##...
..( #..... ....##.#
##..#.# ##...#..# ...#.#
###8......# #....##
..........# ###.....#
.>.∩.<.8## #..[.#..#
.........#####..@..?.#
...8##...##....†.....#
......#...[.#####....#
.....###.##.....##...†#
......#.....##...#......
......#...........>......
........#####....###......
........##..###. # ......
..#..........# ..#


There were no monsters in sight!

Vanquished Creatures
  A steam dragon (D:7)
  A water moccasin (D:7)
  An ice beast (D:5)
  A black bear (D:6)
  2 bullfrogs
  2 necrophages
  2 scorpions (D:5)
  Dowan (D:4)
  A howler monkey (D:7)
  2 hounds
  A jelly (D:5)
  A gnoll bouda (D:4)
  3 orc priests
  4 iguanas
  An orc wizard (D:7)
  Terence (D:2)
  4 gnolls (D:4)
  7 adders
  7 worms
  4 dart slugs
  14 orcs
  6 ball pythons
  8 bats
  8 endoplasms
  16 giant cockroaches
  6 goblins
  4 hobgoblins
  3 jackals (D:1)
  7 quokkas
  4 frilled lizards
  5 kobolds
  7 rats
135 creatures vanquished.

Vanquished Creatures (others)
  A fungus (D:2)
1 creature vanquished.

Grand Total: 136 creatures vanquished

Notes
Turn   | Place    | Note
-------+----------+-------------------------------------------
     0 | D:1      | lorenzova the Deep Elf Conjurer began the quest for the
                  | Orb.
     0 | D:1      | Reached XP level 1. HP: 10/10 MP: 6/6
   166 | D:1      | Found Bash's Antique Armour Shoppe.
   206 | D:1      | Reached XP level 2. HP: 15/15 MP: 0/8
   209 | D:1      | Learned a level 2 spell: Searing Ray
   833 | D:1      | Reached XP level 3. HP: 19/19 MP: 8/10
  1311 | D:2      | Reached skill level 5 in Conjurations
  1373 | D:2      | Found a faded altar of an unknown god.
  1383 | D:2      | Noticed Terence
  1401 | D:2      | Killed Terence
  1402 | D:2      | Reached XP level 4. HP: 24/24 MP: 6/12
  1744 | D:2      | Reached skill level 5 in Spellcasting
  1840 | D:2      | Reached XP level 5. HP: 28/28 MP: 9/14
  1958 | D:2      | Found a blossoming altar of Fedhas.
  2212 | D:2      | Found a runed translucent door.
  2213 | D:2      | Noticed Crazy Yiuf
  2960 | D:3      | Got the Volume of Cankerous Geology
  3735 | D:4      | Reached XP level 6. HP: 32/32 MP: 12/17
  4408 | D:4      | Noticed Edmund
  4632 | D:4      | Noticed Dowan
  4653 | D:4      | Killed Dowan
  4685 | D:4      | Noticed Duvessa
  5292 | D:4      | Learned a level 4 spell: Iskenderun's Mystic Blast
  5297 | D:4      | Learned a level 4 spell: Fulminant Prism
  5918 | D:5      | Entered Level 5 of the Dungeon
  5934 | D:5      | Noticed an ice beast
  5951 | D:5      | Killed an ice beast
  5952 | D:5      | Reached XP level 7. HP: 10/36 MP: 9/19
  6206 | D:5      | Reached skill level 1 in Hexes
  6206 | D:5      | Reached skill level 1 in Translocations
  7472 | D:6      | Identified the +7 short sword of Lust {flame, rPois}
  7737 | D:6      | Reached XP level 8. HP: 41/41 MP: 16/22
  7936 | D:6      | Found a staircase to the Ecumenical Temple.
  7942 | Temple   | Entered the Ecumenical Temple
  7980 | Temple   | Became a worshipper of Vehumet
  8365 | D:7      | Found Maveehepn's Jewellery Emporium.
  8432 | D:7      | Found Sooliow's Antique Armour Boutique.
  8519 | D:7      | Engulfed by a cloud of steam

Illustrated notes

Levels and vault maps discovered:
D:1:      minmay_arrival_three_doors, layout_basic, serial_shops,
          nicolae_shop_window_shopping, kennysheep_doodads
D:2:      layout_rooms, basic_altar, chequers_ecumenical_altar_simple_redux,
          uniq_terence, uniq_crazy_yiuf_cottage
D:3:      minmay_roachtagon, layout_rooms, kennysheep_boxes
D:4:      layout_basic, kennysheep_generic_room_7, uniq_edmund, uniq_duvessa
D:5:      layout_loops_corners
D:6:      layout_basic, minmay_temple_entry_fiery,
          chequers_serial_rivers_large_b, minmay_hedge_maze
D:7:      layout_cave_pools, kennysheep_okawaru_gauntlet,
          nicolae_overflow_hidden_temple, serial_shops, shop,
          nicolae_stop_n_shop_2
Temple:   bh_familiar_temple

Skill      XL: |  1  2  3  4  5  6  7  8 |
---------------+-------------------------+-----
Spellcasting   | 4 5 6 7 8 |  8.7
Conjurations   | 5 6 7 8 |  8.1
Dodging        | 3 4 |  4.4
Hexes          | 2 3 |  3.5
Translocations | 2 |  2.9
Stealth        | |  2.4

Action                   |  1- 3 |  4- 6 |  7- 9 || total
-------------------------+-------+-------+-------++-------
Melee: Unarmed           |       |     5 |       ||     5
 Cast: Magic Dart        |    62 |   123 |    70 ||   255
       Searing Ray       |     4 |    24 |    15 ||    43
  Use: Scroll            |     3 |     8 |     2 ||    13
Armor: Robe              |     1 |     2 |     5 ||     8
Dodge: Dodged            |     4 |     4 |    12 ||    20

Table legend: (Time is in decaauts)
 A = Elapsed time spent in this place.
 B = Non-inter-level travel time spent in this place.
 C = Inter-level travel time spent in this place.
 D = Time resting spent in this place.
 E = Time spent auto-exploring this place.
 F = Levels seen in this place.
 G = Mean time per level.
                   A        B        C        D        E       F      G
               +--------+--------+--------+--------+--------+-----+--------+
         Total |   8546 |   8287 |    259 |   3822 |   3052 |   8 | 1068.2 |
       Dungeon |   8495 |   8249 |    246 |   3822 |   3024 |   7 | 1213.6 |
        Temple |     51 |     38 |     13 |      0 |     28 |   1 |   51.0 |
               +--------+--------+--------+--------+--------+-----+--------+

Top non-repeatable levels by time:
     D:4: 2115 daAuts
     D:3: 1538 daAuts
     D:1: 1308 daAuts
     D:5: 1208 daAuts
     D:6: 1206 daAuts
     D:2: 957 daAuts
     D:7: 159 daAuts
  Temple: 51 daAuts
